 Dungeon Crawl Stone Soup version 0.28-a0-932-g843f935a50 (console) character file.

Game seed: 16024485246870312033

3650 jejorda2 the Grappler (level 10, -1/61 HPs)
             Began as a Gargoyle Monk on Nov 28, 2021.
             Was a Priest of Okawaru.
             Slain by Maggie (6 damage)
             ... on level 8 of the Dungeon.
             The game lasted 00:19:59 (8631 turns).

jejorda2 the Grappler (Gargoyle Monk)               Turns: 8631, Time: 00:19:59

Health: -1/61      AC: 21    Str: 18    XL:     10   Next: 12%
Magic:  14/15      EV: 10    Int: 11    God:    Okawaru [***...]
Gold:   129        SH:  0    Dex: 12    Spells: 9/9 levels left

rFire   + . .      SeeInvis .     - Unarmed
rCold   + . .      Faith    .   (no shield)
rNeg    + + .      Spirit   .   l - +0 chain mail
rPois   ∞          Reflect  .   d - +1 hat
rElec   +          Harm     .   q - scarf {rC+ rF+}
rCorr   .          Rampage  .   c - +0 pair of gloves
Will    .....                   (no boots)
Stlth   ..........              k - amulet of the acrobat
HPRegen 0.20/turn               i - ring of positive energy
MPRegen 0.14/turn               (no ring)

@: heroic, mesmerised
A: sickness immunity, AC +7, negative energy resistance 1, electricity
resistance, torment resistance 1, petrification resistance
a: Renounce Religion, Heroism


You were on level 8 of the Dungeon.
You worshipped Okawaru.
Okawaru was most pleased with you.
You visited 2 branches of the dungeon, and saw 9 of its levels.

You collected 309 gold pieces.
You spent 180 gold pieces at shops.

Inventory:

Missiles
 b - 176 stones
 m - 36 poisoned darts (quivered)
 x - 2 boomerangs
Armour
 c - a +0 pair of gloves (worn)
 d - a +1 hat (worn)
 j - a +0 ring mail
 l - a +0 chain mail (worn)
 q - a scarf of resistance (worn)
Jewellery
 i - a ring of positive energy (left hand)
 k - an amulet of the acrobat (around neck)
Wands
 n - a wand of polymorph (5)
 p - a wand of digging (5)
 r - a wand of acid (9)
 u - a wand of iceblast (13)
Scrolls
 s - a scroll of brand weapon {unknown}
 t - a scroll of fear {unknown}
 w - a scroll of teleportation {unknown}
Potions
 a - a potion of berserk rage {unknown}
 e - a potion of mutation {unknown}
 f - 3 potions of flight {unknown}
 g - 5 potions of curing
 h - 2 potions of ambrosia {unknown}
 o - 2 potions of haste {unknown}
 v - a potion of brilliance {unknown}


   Skills:
 + Level 6.4(11.4) Fighting
 - Level 1.0(6.0) Throwing
 + Level 6.2(11.2) Armour
 - Level 2.4(7.4) Dodging
 - Level 2.1(7.1) Stealth
 + Level 10.4(15.4) Unarmed Combat
 - Level 7.0 Invocations


You had 9 spell levels left.
You didn't know any spells.
Your spell library contained the following spells:

 Spells                   Type           Power      Damage    Failure   Level
 Blink                    Tloc           0%         N/A       99%         2
 Lesser Beckoning         Tloc           0%         N/A       100%        3
 Ozocubu's Armour         Ice            0%         N/A       100%        3
 Passage of Golubria      Tloc           0%         N/A       100%        4
 Petrify                  Tmut/Erth      0%         N/A       100%        4
 Irradiate                Conj/Tmut      0%         3d13      100%        5
 Manifold Assault         Tloc           0%         N/A       100%        5
 Silence                  Hex/Air        0%         N/A       100%        5
 Ozocubu's Refrigeration  Ice            0%         4d5       100%        7
 Lehudib's Crystal Spear  Conj/Erth      0%         10d2      100%        8
 Sublimation of Blood     Necr           Unusable   N/A       N/A         2

Dungeon Overview and Level Annotations

Branches:
Dungeon (8/15)             Temple (1/1) D:5
   Lair: D:8-11

Altars:
Ashenzari
Cheibriados
Dithmenos
Elyvilon
Fedhas
Gozag
Hepliaklqana
Kikubaaqudgha
Makhleb
Nemelex Xobeh
Okawaru
Ru
Sif Muna
Trog
Uskayaw
Vehumet
Wu Jian
Xom
Yredelemnul
Zin
The Shining One

Shops:
D:2 *

Annotations:
D:8 Maggie


Innate Abilities, Weirdness & Mutations

You are immune to sickness and miasma.
Your stone body is resilient. (AC +7)
You are immune to poison.
You resist negative energy. (rN+)
You are resistant to electric shocks. (rElec)
You are resistant to unholy torment.
You are immune to petrification.


Message History

Okawaru grants you ammunition! Something appears at your feet!
Training target 7.0 for Invocations reached!
Your Invocations skill increases to level 7!
Aiming: Corrosive Bolt
Press: ? - help, Shift-Dir - straight line, f/p - Maggie
Aim: Maggie, wielding a +0 scimitar of holy wrath, wearing +0 acid dragon scales and carrying a wand of mindburst (15) (lightly wounded, 71% to hit)
The bolt of acid hits Maggie.
Maggie is lightly wounded.
Maggie mumbles some strange words.
Maggie attempts to bespell you!
You are mesmerised by Maggie!
You punch Maggie!
Maggie is moderately wounded.
Maggie closely misses you.
Okay, then.
Unknown command.
You closely miss Maggie.
Maggie is moderately wounded.
Maggie zaps a wand.
Your mind is blasted!
You punch Maggie!
Maggie is heavily wounded.
Maggie zaps a wand.
Your mind is blasted!
* * * LOW HITPOINT WARNING * * *
You completely miss Maggie. You punch Maggie!
Maggie is severely wounded.
You barely miss Maggie.
Maggie is severely wounded.
Maggie casts a spell.
Maggie draws you further into her thrall.
You barely miss Maggie.
Maggie is severely wounded.
Maggie hits you with a +0 scimitar of holy wrath!
* * * LOW HITPOINT WARNING * * *
You hit Maggie.
Maggie is severely wounded.
You barely miss Maggie.
Maggie is severely wounded.
Maggie hits you with a +0 scimitar of holy wrath.
You die...

##########
#..........
#.........#
#.........##
#...........
#.........#
#.......@.#
#.......@.#
#...?.....#
#.........#
#...<.....#
###########


You could see Maggie (mesmerising).

Vanquished Creatures
  Pikel (D:7)
  An ugly thing (D:7)
  A hornet (D:7)
  Prince Ribbit (D:7)
  An orc warrior (D:6)
  2 ice beasts
  2 black bears
  3 necrophages
  An ogre (D:7)
  2 centaurs
  A phantom (D:4)
  A bullfrog (D:7)
  A wyvern zombie (D:6)
  6 scorpions
  2 water moccasin skeletons
  4 howler monkeys
  3 hounds (D:5)
  A jelly (D:4)
  A gnoll shaman (D:6)
  3 orc priests
  Ijyb (Temple)
  A centaur skeleton (D:6)
  An iguana (D:6)
  3 orc wizards
  A scorpion zombie (D:5)
  A killer bee zombie (D:5)
  2 hound skeletons
  A howler monkey zombie (D:7)
  4 gnolls
  7 adders
  An ufetubus (D:4)
  An adder skeleton (D:4)
  A worm (D:2)
  2 dart slugs (D:2)
  24 orcs
  6 endoplasms
  7 giant cockroaches
  9 goblins
  6 hobgoblins
  A jackal (D:4)
  4 quokkas
  3 ball pythons
  2 frilled lizards (D:1)
  6 kobolds
  A rat (D:2)
134 creatures vanquished.

Notes
Turn   | Place    | Note
-------+----------+-------------------------------------------
     0 | D:1      | jejorda2 the Gargoyle Monk began the quest for the Orb.
     0 | D:1      | Reached XP level 1. HP: 14/14 MP: 1/1
   656 | D:1      | Reached XP level 2. HP: 19/19 MP: 2/2
   979 | D:2      | Reached skill level 4 in Unarmed Combat
   979 | D:2      | Reached XP level 3. HP: 22/23 MP: 3/3
  1242 | D:2      | Found Tyiwi's Assorted Antiques.
  1788 | D:3      | HP: 1/23 [adder (4)]
  1803 | D:3      | Reached XP level 4. HP: 10/28 MP: 4/4
  1964 | D:2      | Reached skill level 5 in Unarmed Combat
  2406 | D:3      | Reached XP level 5. HP: 23/32 MP: 5/5
  2708 | D:3      | Found an ancient bone altar of Kikubaaqudgha.
  2708 | D:3      | Found a glowing silver altar of Zin.
  2836 | D:3      | Found a faded altar of an unknown god.
  2904 | D:3      | Reached skill level 6 in Unarmed Combat
  3053 | D:2      | Bought a scroll labelled ASYSUPLA DURGH for 20 gold pieces
  3151 | D:4      | Found a white marble altar of Elyvilon.
  3278 | D:4      | Reached XP level 6. HP: 27/37 MP: 6/6
  3447 | D:4      | Reached skill level 7 in Unarmed Combat
  3718 | D:4      | Found a blossoming altar of Fedhas.
  3786 | D:4      | Reached skill level 1 in Armour
  3937 | D:4      | Noticed a necrophage
  3971 | D:4      | Killed a necrophage
  3972 | D:4      | Reached XP level 7. HP: 36/41 MP: 7/7
  4237 | D:5      | Entered Level 5 of the Dungeon
  4317 | D:5      | Found a staircase to the Ecumenical Temple.
  4321 | D:5      | Noticed Ijyb
  4326 | Temple   | Entered the Ecumenical Temple
  4352 | Temple   | Killed Ijyb
  4671 | D:5      | Reached skill level 8 in Unarmed Combat
  4707 | D:5      | Reached XP level 8. HP: 27/46 MP: 8/8
  4727 | D:5      | Reached skill level 9 in Unarmed Combat
  4997 | D:5      | Found a shimmering blue altar of Sif Muna.
  5005 | D:5      | Found an iron altar of Okawaru.
  5038 | D:5      | Became a worshipper of Warmaster Okawaru
  5038 | D:5      | Reached * piety under Okawaru
  5038 | D:5      | Reached ** piety under Okawaru
  5217 | D:5      | Found a shimmering altar of Xom.
  5384 | D:2      | Bought a runed scarf for 160 gold pieces
  5622 | D:6      | Reached skill level 1 in Invocations
  6495 | D:6      | Reached XP level 9. HP: 52/52 MP: 11/11
  6842 | D:6      | Reached skill level 5 in Fighting
  7013 | D:7      | Reached *** piety under Okawaru
  7149 | D:7      | Noticed a hornet
  7157 | D:7      | Killed a hornet
  7158 | D:7      | Reached skill level 1 in Throwing
  7158 | D:7      | Reached skill level 5 in Armour
  7281 | D:7      | Noticed Pikel
  7294 | D:7      | Killed Pikel
  7295 | D:7      | Reached skill level 10 in Unarmed Combat
  7295 | D:7      | Reached skill level 5 in Invocations
  7781 | D:7      | Noticed a purple ugly thing
  7797 | D:7      | Killed a purple ugly thing
  7798 | D:7      | Reached XP level 10. HP: 33/60 MP: 12/15
  8193 | D:7      | Reached **** piety under Okawaru
  8420 | D:7      | Noticed Prince Ribbit
  8428 | D:7      | Killed Prince Ribbit
  8428 | D:7      | Received a gift from Okawaru
  8616 | D:8      | Noticed Maggie
  8631 | D:8      | Slain by Maggie

Illustrated notes

Levels and vault maps discovered:
D:1:      dpeg_arrival_shrine, layout_basic
D:2:      layout_basic, serial_shops, nicolae_shop_waterfront
D:3:      layout_rooms, gammafunk_temple_overflow_statue,
          hellmonk_ecumenical_altar_leap_of_faith
D:4:      minmay_octagon_keep, layout_rooms, elyvilon_altar_1,
          mainiacjoe_overflow_surrounded_room, st_stairs_13
D:5:      layout_loops_ring, mainiacjoe_overflow_large_starburst, tgw_xom,
          minmay_temple_entry_mist, minmay_misc_feat_chi, kennysheep_nub,
          minmay_circle_x, uniq_ijyb
D:6:      layout_gridville
D:7:      layout_basic, uniq_pikel, uniq_prince_ribbit1
D:8:      cheibrodos_fzero, layout_rooms, eino_tiny_chamber, uniq_maggie,
          uniq_psyche
Temple:   minmay_temple_curvy_branch

Skill      XL: |  1  2  3  4  5  6  7  8  9 10 |
---------------+-------------------------------+-----
Unarmed Combat | 4 5 6 7 8 9 10 | 10.4
Armour         | 2 3 4 6 |  6.2
Invocations    | 3 6 7 |  7.0
Fighting       | 4 6 |  6.4
Throwing       | 1 |  1.0
Dodging        | |  2.4
Stealth        | |  2.1

Action                   |  1- 3 |  4- 6 |  7- 9 | 10-12 || total
-------------------------+-------+-------+-------+-------++-------
Melee: Unarmed           |   124 |   165 |   335 |    24 ||   648
       Punch             |     1 |     1 |    11 |     1 ||    14
Throw: Stone             |       |    15 |    29 |       ||    44
       Dart              |       |       |    37 |       ||    37
Invok: Heroism           |       |       |     4 |     1 ||     5
Evoke: Wand              |       |       |       |     2 ||     2
  Use: Potion            |     4 |       |       |       ||     4
       Scroll            |       |     3 |       |       ||     3
 Stab: Sleeping          |     5 |       |       |       ||     5
Armor: Leather armour    |    20 |       |       |       ||    20
       Robe              |     1 |       |       |       ||     1
       Ring mail         |    26 |    53 |       |       ||    79
       Chain mail        |       |    21 |   184 |    17 ||   222
       Skin              |       |       |     2 |       ||     2
Dodge: Dodged            |    65 |    76 |   112 |    25 ||   278

Table legend: (Time is in decaauts)
 A = Elapsed time spent in this place.
 B = Non-inter-level travel time spent in this place.
 C = Inter-level travel time spent in this place.
 D = Time resting spent in this place.
 E = Time spent auto-exploring this place.
 F = Levels seen in this place.
 G = Mean time per level.
                   A        B        C        D        E       F      G
               +--------+--------+--------+--------+--------+-----+--------+
         Total |   8549 |   8091 |    458 |    581 |   6121 |   9 |  949.9 |
       Dungeon |   8234 |   7781 |    453 |    581 |   5838 |   8 | 1029.2 |
        Temple |    315 |    310 |      5 |      0 |    283 |   1 |  315.0 |
               +--------+--------+--------+--------+--------+-----+--------+

Top non-repeatable levels by time:
     D:2: 1621 daAuts
     D:7: 1605 daAuts
     D:5: 1189 daAuts
     D:4: 1169 daAuts
     D:6: 1105 daAuts
     D:1: 851 daAuts
     D:3: 678 daAuts
  Temple: 315 daAuts
     D:8: 12 daAuts
